 Dungeon Crawl Stone Soup version 0.27-a0-1136-g0b992a5a9d (webtiles) character file.

Game seed: 8049089108701013497

343 Zeld the Chucker (level 6, -3/42 HPs)
             Began as an Octopode Fighter on May 4, 2021.
             Slain by an adder (5 damage)
             ... on level 3 of the Dungeon.
             The game lasted 00:06:13 (2895 turns).

Zeld the Chucker (Octopode Fighter)                 Turns: 2895, Time: 00:06:13

Health: -3/42      AC:  1    Str: 18    XL:     6   Next: 57%
Magic:  6/6        EV: 11    Int: 10    God:
Gold:   121        SH:  9    Dex: 11    Spells: 5/5 levels left

rFire    . . .     SeeInvis .   a - +0 war axe
rCold    + . .     Faith    .   f - +0 kite shield
rNeg     . . .     Spirit   .   (helmet restricted)
rPois    .         Reflect  .   (no amulet)
rElec    .         Harm     .   j - ring of protection from cold
rCorr    .         Rampage  .   (no ring)
Will     .....                  (no ring)
Stlth    ++........             (no ring)
HPRegen  0.14/turn              (no ring)
MPRegen  0.10/turn              (no ring)
                                (no ring)
                                (no ring)

@: no status effects
A: almost no armour, amphibious, 8 rings, camouflage 1, gelatinous body 1,
(nimble swimmer 1), tentacles
a: no special abilities


You were on level 3 of the Dungeon.
You visited 1 branch of the dungeon, and saw 3 of its levels.

You collected 121 gold pieces.

Inventory:

Hand Weapons
 a - a +0 war axe (weapon)
Missiles
 g - 20 poisoned darts (quivered)
 h - 2 boomerangs
Armour
 f - a +0 kite shield (worn)
Jewellery
 j - a ring of protection from cold (left tentacle)
Scrolls
 c - a scroll of teleportation {unknown}
 e - 4 scrolls of identify {unknown}
Potions
 b - a potion of haste {unknown}
 d - 2 potions of curing
 i - a potion of attraction {unknown}


   Skills:
 - Level 3.3 Fighting
 - Level 2.5 Axes
 * Level 5.7 Throwing
 - Level 3.0 Dodging
 - Level 3.3 Shields


You had 5 spell levels left.
You didn't know any spells.
Your spell library contained the following spells:

 Spells                   Type           Power      Damage    Failure   Level
 Corona                   Hex            0%         N/A       86%         1
 Ensorcelled Hibernation  Hex/Ice        0%         N/A       95%         2
 Confusing Touch          Hex            0%         N/A       99%         3
 Dazzling Flash           Conj/Hex       0%         N/A       99%         3
 Gell's Gravitas          Tloc           0%         N/A       99%         3
 Tukima's Dance           Hex            0%         N/A       99%         3
 Petrify                  Tmut/Erth      0%         N/A       100%        4
 Metabolic Englaciation   Hex/Ice        0%         N/A       100%        5
 Yara's Violent Unravell  Hex/Tmut       0%         3d3       100%        5


Dungeon Overview and Level Annotations

Branches:
Dungeon (3/15)

Altars:


Innate Abilities, Weirdness & Mutations

You cannot wear most types of armour.
You are amphibious.
You can wear up to eight rings at the same time.
Your skin changes colour to match your surroundings (Stealth+).
Your rubbery body absorbs attacks. (AC +1, EV +1)
((You are camouflaged near water. (Stealth+)))
You have tentacles for arms and can constrict up to eight enemies at once.


Message History

You are too injured to fight recklessly!
You are too injured to fight recklessly!
The sky beast looks more healthy.
Throw: 21 darts (poison)
Press: ? - help, Q - select action, (/) - cycle Shift-Dir - straight line, f/p - sky beast
Aim: a sky beast (almost dead, 48% to hit)
You throw a poisoned dart. The poisoned dart hits the sky beast!
The sky beast is poisoned.
The sky beast is almost dead.
The adder hisses angrily.
You hear a shout!
You kill the sky beast!
A goblin comes into view. It is wielding a +0 dagger.
You block the adder's attack.
You closely miss the adder. Your grab misses the adder.
You block the adder's attack. The adder bites you.
You are poisoned.
The adder poisons you!
You closely miss the adder. Your grab misses the adder.
You feel sick. You block the adder's attack. The adder bites you.
* * * LOW HITPOINT WARNING * * *
You barely miss the adder. Your grab misses the adder.
You feel sick.
You are no longer poisoned.
You block the adder's attack. The adder bites you.
* * * LOW HITPOINT WARNING * * *
You barely miss the adder. Your grab misses the adder.
You block the adder's attack. The adder bites you.
* * * LOW HITPOINT WARNING * * *
Press: ? - help, v - describe, . - travel
Here: an adder The floor.
It was a potion of curing.
You feel better. The adder bites you but does no damage. The adder bites you.
* * * LOW HITPOINT WARNING * * *
You closely miss the adder. Your grab misses the adder. The adder bites you.
* * * LOW HITPOINT WARNING * * *
The adder bites you.
* * * LOW HITPOINT WARNING * * *
You miss the adder. Your grab misses the adder. Your squeeze misses the adder.
The adder bites you.
You die...

###.......##......#
#.........
....###.#.##......#
###.......
........#..##.....#
......#
..[.....##.##...(.#
......#
.....<..##..#.....#
........###.#.....#
........# #.####†##
## ........# #.#
#.# ..# #########
#.# #@# ...#
...........#S#....#
...........#g.....#
...........#.#....#
########..##.#....#
#....# ....# ..#.#
###.. ..... . ..#


You could see an adder and a goblin.

Vanquished Creatures
  Sigmund (D:2)
  A sky beast (D:3)
  3 gnolls (D:3)
  2 dart slugs (D:1)
  An orc (D:3)
  7 bats
  4 endoplasms
  A giant cockroach (D:1)
  4 goblins
  5 hobgoblins
  9 jackals
  4 quokkas
  3 ball pythons
  3 frilled lizards (D:1)
  6 kobolds
  8 rats
62 creatures vanquished.

Notes
Turn   | Place    | Note
-------+----------+-------------------------------------------
     0 | D:1      | Zeld the Octopode Fighter began the quest for the Orb.
     0 | D:1      | Reached XP level 1. HP: 16/16 MP: 1/1
   539 | D:1      | Reached XP level 2. HP: 20/21 MP: 2/2
   867 | D:1      | Reached XP level 3. HP: 18/26 MP: 3/3
  1040 | D:1      | Reached skill level 1 in Throwing
  1405 | D:2      | You fall into a shaft and drop 1 floor!
  1471 | D:2      | Noticed Sigmund
  1617 | D:2      | Reached skill level 2 in Throwing
  1734 | D:2      | Found a faded altar of an unknown god.
  1857 | D:2      | Killed Sigmund
  1858 | D:2      | Reached skill level 4 in Throwing
  1858 | D:2      | Reached XP level 4. HP: 20/31 MP: 4/4
  1858 | D:2      | Reached XP level 5. HP: 24/36 MP: 5/5
  2536 | D:3      | Reached XP level 6. HP: 39/42 MP: 6/6
  2609 | D:3      | Reached skill level 5 in Throwing
  2831 | D:3      | Noticed a sky beast
  2884 | D:3      | Killed a sky beast
  2892 | D:3      | HP: 1/42 [adder (2)]
  2895 | D:3      | Slain by an adder

Illustrated notes

Levels and vault maps discovered:
D:1:      lightli_arrival_farm, layout_loops_ring
D:2:      layout_loops_corners, basic_ecumenical_altar, uniq_sigmund
D:3:      layout_basic, st_stairs_1, palyth_stone_intersect

Skill      XL: |  1  2  3  4  5  6 |
---------------+-------------------+-----
Throwing       | 4 5 |  5.7
Fighting       | |  3.3
Axes           | |  2.5
Dodging        | |  3.0
Shields        | |  3.3

Action                   |  1- 3 |  4- 6 || total
-------------------------+-------+-------++-------
Melee: War axe           |    85 |    29 ||   114
       Constrict         |    20 |     6 ||    26
       Tentacles         |     7 |     1 ||     8
Throw: Dart              |       |     5 ||     5
  Use: Potion            |     1 |     1 ||     2
 Stab: Sleeping          |     6 |     2 ||     8
Armor: Skin              |     9 |     3 ||    12
Dodge: Dodged            |    38 |    13 ||    51
Block: Kite shield       |    36 |    25 ||    61

Table legend: (Time is in decaauts)
 A = Elapsed time spent in this place.
 B = Non-inter-level travel time spent in this place.
 C = Inter-level travel time spent in this place.
 D = Time resting spent in this place.
 E = Time spent auto-exploring this place.
 F = Levels seen in this place.
 G = Mean time per level.
                   A        B        C        D        E       F      G
               +--------+--------+--------+--------+--------+-----+--------+
         Total |   2965 |   2865 |    100 |      0 |   2394 |   3 |  988.3 |
       Dungeon |   2965 |   2865 |    100 |      0 |   2394 |   3 |  988.3 |
               +--------+--------+--------+--------+--------+-----+--------+

Top non-repeatable levels by time:
     D:1: 1372 daAuts
     D:2: 1143 daAuts
     D:3: 450 daAuts
